Winnipeg Jets vs Chicago Black Hawks
(R1)
Created - Monday, December 18, 2023 at 07:43
Goals
|
| Winnipeg Jets |
0 |
0 |
1 |
1 |
| Chicago Black Hawks |
0 |
1 |
3 |
4 |
|
Shots
|
| Winnipeg Jets |
11 |
8 |
15 |
34 |
| Chicago Black Hawks |
16 |
14 |
11 |
41 |
|
1st period
No Goal
Penalties :
Alex DeBrincat (WPG) for Roughing (Double Minor) at 15:35
2nd period
1. Chicago Black Hawks , Michael Rasmussen 13 (Morgan Frost 15) at 2:34
Penalties :
Dante Fabbro (WPG) for Roughing (Minor) at 14:13, Morgan Frost (CHI) for Holding (Minor) at 18:00
3rd period
2. Chicago Black Hawks , Michael Rasmussen 14 (Morgan Frost 16, Cal Clutterbuck 8) at 0:52
3. Winnipeg Jets , Nick Suzuki 37 (Alex DeBrincat 43, Dylan Samberg 13) at 1:15
4. Chicago Black Hawks , Barrett Hayton 24 (Bo Horvat 49) at 2:47
5. Chicago Black Hawks , Shane Pinto 9 (Barrett Hayton 37, Kevin Fiala 56) at 6:56 (PP)
Penalties :
Kevin Fiala (CHI) for Slashing (Minor) at 4:41, Nathan Beaulieu (WPG) for Tripping (Minor) at 4:57, Nathan Beaulieu (WPG) for Hooking (Minor) at 10:13, Barrett Hayton (CHI) for Holding (Minor) at 13:51
Goalie Stats
Ukko-Pekka Luukkonen (WPG), 37 saves from 41 shots - (0.902), L, 0-1-0, 60:00 minutes
Thatcher Demko (CHI), 33 saves from 34 shots - (0.971), W, 33-20-8, 60:00 minutes
Players Stats for Winnipeg Jets
Player Name G A P +/- PIM S H SB GA TA FO MP PP MP PK MP
------------------------------------------------------------------------------------
Alex DeBrincat 0 1 1 0 4 2 1 0 0 0 0/1 18:54 2:02 1:50
Andrew Cogliano 0 0 0 -1 0 3 1 0 0 0 0/0 11:59 0:03 0:00
Barclay Goodrow 0 0 0 -1 0 1 1 1 0 0 0/0 14:57 2:09 0:00
Calen Addison 0 0 0 0 0 2 1 3 0 0 0/0 15:15 0:00 0:43
Dante Fabbro 0 0 0 -2 2 1 5 2 0 1 0/0 25:18 2:13 2:33
Dylan Samberg 0 1 1 0 0 0 0 1 0 1 0/0 19:46 2:01 3:43
Joel Armia 0 0 0 -1 0 6 1 1 0 0 0/0 13:19 0:00 1:23
Jordan Harris 0 0 0 0 0 0 2 0 0 0 0/0 20:02 2:01 3:54
Kaapo Kakko 0 0 0 -1 0 2 1 0 2 1 0/0 14:57 2:09 0:00
Klim Kostin 0 0 0 0 0 0 0 0 0 1 1/2 7:26 0:00 0:00
Lucas Raymond 0 0 0 0 0 1 1 0 0 0 2/9 19:30 2:02 3:55
Matthew Beniers 0 0 0 -1 0 6 1 0 1 0 11/24 19:26 2:09 3:44
Nathan Beaulieu 0 0 0 -2 4 1 2 1 0 3 0/0 24:26 2:12 2:55
Nick Suzuki 1 0 1 0 0 6 0 0 1 0 9/16 20:06 2:05 3:23
Pius Suter 0 0 0 0 0 1 0 0 1 0 1/4 8:13 0:00 0:47
Sam Steel 0 0 0 0 0 0 0 0 0 0 0/1 7:33 0:00 0:07
Ty Smith 0 0 0 0 0 0 1 0 0 2 0/0 15:12 0:00 2:38
Yegor Sharangovich 0 0 0 -1 0 2 0 0 1 0 5/18 13:41 0:03 1:17
Players Stats for Chicago Black Hawks
Player Name G A P +/- PIM S H SB GA TA FO MP PP MP PK MP
------------------------------------------------------------------------------------
Barrett Hayton 1 1 2 1 2 6 2 1 2 0 2/2 17:18 3:41 0:00
Bo Horvat 0 1 1 1 0 8 1 0 1 0 14/20 17:34 3:39 0:12
Brent Burns 0 0 0 -1 0 1 1 3 2 1 0/0 23:50 3:36 2:08
Cal Clutterbuck 0 1 1 2 0 1 0 1 0 0 1/3 14:41 0:54 1:53
Caleb Jones 0 0 0 2 0 0 4 2 0 1 0/0 14:18 0:34 0:00
Cole Perfetti 0 0 0 0 0 1 1 0 0 0 0/0 7:05 0:00 0:00
Devon Toews 0 0 0 1 0 2 0 0 0 0 0/0 16:47 0:50 0:00
Frederick Gaudreau 0 0 0 0 0 2 2 0 0 0 2/7 12:23 3:25 1:53
Jaden Schwartz 0 0 0 1 0 0 2 0 1 0 0/1 14:08 0:13 0:12
Kevin Fiala 0 1 1 -1 2 4 3 1 0 1 1/4 16:56 3:42 0:00
Michael Rasmussen 2 0 2 2 0 5 1 1 0 0 0/1 14:49 0:23 2:09
Morgan Frost 0 2 2 2 2 2 1 1 0 1 8/10 14:01 0:43 0:00
Morgan Rielly 0 0 0 1 0 1 0 1 1 0 0/0 21:18 3:47 2:06
Patrice Bergeron 0 0 0 -1 0 4 3 0 2 0 17/26 18:19 3:25 2:09
Seth Jones 0 0 0 -1 0 1 2 2 0 1 0/0 22:33 3:52 2:06
Shane Pinto 1 0 1 0 0 2 1 0 0 1 0/0 8:40 1:01 0:00
Travis Sanheim 0 0 0 2 0 0 0 1 0 0 0/0 21:14 3:47 2:08
Vincent Trocheck 0 0 0 -1 0 1 2 0 0 0 1/1 18:06 3:33 0:00
3 Stars
1 - Michael Rasmussen (CHI)
2 - Thatcher Demko (CHI)
3 - Barrett Hayton (CHI)
Power Play
Winnipeg Jets - 0 on 3 Attempt(s) - 0.00%
Chicago Black Hawks - 1 on 5 Attempt(s) - 20.00%
Penalty Kill
Winnipeg Jets - 4 on 5 Attempt(s) - 80.00%
- Score 0 goal in Penalty Kill
Chicago Black Hawks - 3 on 3 Attempt(s) - 100.00%
- Score 0 goal in Penalty Kill
Team Stat
Winnipeg Jets - Hits : 18 - Faceoff Wins : 29 - Blocked Shots : 9 - Penalty Minutes : 10
Chicago Black Hawks - Hits : 26 - Faceoff Wins : 46 - Blocked Shots : 14 - Penalty Minutes : 6
Official
Referees : Frederick L'Ecuyer and Brad Meier
Linesman : Bryan Pancich and Brian Mach
Game Notes
No Game Note
Finance
Level 1 -- Attendance: 4492 (74.87%) -- Ticket Income $449,200
Level 2 -- Attendance: 3400 (68.00%) -- Ticket Income $204,000
Level 3 -- Attendance: 2428 (80.93%) -- Ticket Income $84,980
Level 4 -- Attendance: 3654 (73.08%) -- Ticket Income $91,350
Luxury Box -- Attendance: 753 (75.30%) -- Ticket Income $150,600
Game was played at the United Center.
Total Attendance: 14727 (73.64%)
Total Ticket Income: $980,130
Other Income: $343,046
Total Income: $1,323,176
Winnipeg Jets
5 vs 5 Forward
Center Left Wing Right Wing Time % Phy DF OF
1 Nick Suzuki Alex DeBrincat Lucas Raymond 30 1 2 2
2 Matthew Beniers Barclay Goodrow Kaapo Kakko 30 1 2 2
3 Yegor Sharangovich Andrew Cogliano Joel Armia 25 1 2 2
4 Pius Suter Sam Steel Klim Kostin 15 1 2 2
5 vs 5 Defense
Defense Defense Time % Phy DF OF
1 Dante Fabbro Nathan Beaulieu 30 1 2 2
2 Dylan Samberg Jordan Harris 30 1 2 2
3 Calen Addison Ty Smith 25 1 2 2
4 Dante Fabbro Nathan Beaulieu 15 1 2 2
PowerPlay Forward
Center Left Wing Right Wing Time % Phy DF OF
1 Nick Suzuki Alex DeBrincat Lucas Raymond 50 1 2 2
2 Matthew Beniers Barclay Goodrow Kaapo Kakko 50 1 2 2
PowerPlay Defense
Defense Defense Time % Phy DF OF
1 Dante Fabbro Nathan Beaulieu 50 1 2 2
2 Dylan Samberg Jordan Harris 50 1 2 2
Penalty Kill 4 Players Forward
Center Wing Time % Phy DF OF
1 Nick Suzuki Alex DeBrincat 50 1 2 2
2 Lucas Raymond Matthew Beniers 50 1 2 2
Penalty Kill 4 Players Defense
Defense Defense Time % Phy DF OF
1 Dante Fabbro Nathan Beaulieu 50 1 2 2
2 Dylan Samberg Jordan Harris 50 1 2 2
Penalty Kill - 3 Players Forward
Forward Time % Phy DF OF
1 Nick Suzuki 50 1 2 2
2 Alex DeBrincat 50 1 2 2
Penalty Kill - 3 Players Defense
Defense Defense Time % Phy DF OF
1 Dante Fabbro Nathan Beaulieu 50 1 2 2
2 Dylan Samberg Jordan Harris 50 1 2 2
4 vs 4 Forward
Center Wing Time % Phy DF OF
1 Nick Suzuki Alex DeBrincat 50 1 2 2
2 Lucas Raymond Matthew Beniers 50 1 2 2
4 vs 4 Defense
Defense Defense Time % Phy DF OF
1 Dante Fabbro Nathan Beaulieu 50 1 2 2
2 Dylan Samberg Jordan Harris 50 1 2 2
Last Minutes Offensive
Center Left Wing Right Wing Defense Defense
Nick Suzuki Alex DeBrincat Lucas Raymond Dante Fabbro Nathan Beaulieu
Last Minutes Defensive
Center Left Wing Right Wing Defense Defense
Nick Suzuki Alex DeBrincat Lucas Raymond Dante Fabbro Nathan Beaulieu
Goaltenders
Starting : Ukko-Pekka Luukkonen
Backup : Pavel Francouz
Extra Forwards
Normal : Andrew Cogliano, Yegor Sharangovich, Joel Armia - PP : Andrew Cogliano, Yegor Sharangovich - PK : Joel Armia
Extra Defensemen
Normal : Calen Addison, Ty Smith, Dylan Samberg - PP : Calen Addison - PK : Ty Smith, Dylan Samberg
Penalty Shots
Nick Suzuki, Alex DeBrincat, Lucas Raymond, Matthew Beniers, Barclay Goodrow
Chicago Black Hawks
5 vs 5 Forward
Center Left Wing Right Wing Time % Phy DF OF
1 Patrice Bergeron Kevin Fiala Vincent Trocheck 30 1 2 2
2 Bo Horvat Barrett Hayton Jaden Schwartz 30 1 2 2
3 Morgan Frost Michael Rasmussen Cal Clutterbuck 25 1 2 2
4 Frederick Gaudreau Cole Perfetti Shane Pinto 15 1 2 2
5 vs 5 Defense
Defense Defense Time % Phy DF OF
1 Brent Burns Seth Jones 35 0 3 2
2 Morgan Rielly Devon Toews 35 0 3 2
3 Caleb Jones Travis Sanheim 30 0 3 2
4 Brent Burns Seth Jones 0 0 4 1
PowerPlay Forward
Center Left Wing Right Wing Time % Phy DF OF
1 Bo Horvat Kevin Fiala Vincent Trocheck 50 0 0 5
2 Patrice Bergeron Barrett Hayton Frederick Gaudreau 50 0 0 5
PowerPlay Defense
Defense Defense Time % Phy DF OF
1 Brent Burns Seth Jones 50 0 0 5
2 Morgan Rielly Travis Sanheim 50 0 0 5
Penalty Kill 4 Players Forward
Center Wing Time % Phy DF OF
1 Frederick Gaudreau Cal Clutterbuck 50 0 5 0
2 Patrice Bergeron Michael Rasmussen 50 0 5 0
Penalty Kill 4 Players Defense
Defense Defense Time % Phy DF OF
1 Brent Burns Travis Sanheim 50 0 5 0
2 Seth Jones Morgan Rielly 50 0 5 0
Penalty Kill - 3 Players Forward
Forward Time % Phy DF OF
1 Frederick Gaudreau 50 0 5 0
2 Bo Horvat 50 0 5 0
Penalty Kill - 3 Players Defense
Defense Defense Time % Phy DF OF
1 Seth Jones Brent Burns 50 0 5 0
2 Morgan Rielly Devon Toews 50 0 5 0
4 vs 4 Forward
Center Wing Time % Phy DF OF
1 Vincent Trocheck Morgan Frost 50 1 2 2
2 Barrett Hayton Kevin Fiala 50 1 2 2
4 vs 4 Defense
Defense Defense Time % Phy DF OF
1 Brent Burns Travis Sanheim 50 0 3 2
2 Devon Toews Seth Jones 50 0 3 2
Last Minutes Offensive
Center Left Wing Right Wing Defense Defense
Patrice Bergeron Kevin Fiala Vincent Trocheck Brent Burns Seth Jones
Last Minutes Defensive
Center Left Wing Right Wing Defense Defense
Bo Horvat Michael Rasmussen Frederick Gaudreau Brent Burns Seth Jones
Goaltenders
Starting : Thatcher Demko
Backup : Jordan Binnington
Extra Forwards
Normal : Shane Pinto, Morgan Frost, Bo Horvat - PP : Shane Pinto, Morgan Frost - PK : Bo Horvat
Extra Defensemen
Normal : Brent Burns, Travis Sanheim, Morgan Rielly - PP : Brent Burns - PK : Travis Sanheim, Brent Burns
Penalty Shots
Frederick Gaudreau, Devon Toews, Barrett Hayton, Brent Burns, Bo Horvat
% Time on Ice - Winnipeg Jets
Lines # - Real PCT - Wanted PCT - Time Play
Normal Forward
1 - 29% - 30% - 13:13
2 - 29% - 30% - 13:15
3 - 26% - 25% - 11:56
4 - 16% - 15% - 7:26
Normal Defense
1 - 31% - 30% - 14:18
2 - 30% - 30% - 13:44
3 - 27% - 25% - 12:33
4 - 11% - 15% - 5:15
PP Forward
1 - 49% - 50% - 2:05
2 - 51% - 50% - 2:09
PP Defense
1 - 52% - 50% - 2:13
2 - 48% - 50% - 2:01
PK Forward
1 - 55% - 50% - 4:29
2 - 45% - 50% - 3:44
PK Defense
1 - 48% - 50% - 3:56
2 - 52% - 50% - 4:17
PK3 Forward
1 - 0% - 50%
2 - 0% - 50%
PK3 Defense
1 - 0% - 50%
2 - 0% - 50%
44 Forward
1 - 83% - 50% - 1:25
2 - 17% - 50% - 0:18
44 Defense
1 - 83% - 50% - 1:25
2 - 17% - 50% - 0:18
Last Minute Offensive - 0:00
Last Minute Defensive - 0:00
Total
Forward - 60:00
Defense - 60:00
|
% Time on Ice - Chicago Black Hawks
Lines # - Real PCT - Wanted PCT - Time Play
Normal Forward
1 - 30% - 30% - 13:38
2 - 29% - 30% - 13:13
3 - 26% - 25% - 11:54
4 - 15% - 15% - 7:05
Normal Defense
1 - 35% - 35% - 16:14
2 - 34% - 35% - 15:32
3 - 30% - 30% - 13:37
4 - 1% - 0% - 0:27
PP Forward
1 - 51% - 50% - 4:11
2 - 49% - 50% - 4:02
PP Defense
1 - 51% - 50% - 4:10
2 - 49% - 50% - 4:03
PK Forward
1 - 46% - 50% - 1:56
2 - 54% - 50% - 2:18
PK Defense
1 - 50% - 50% - 2:08
2 - 50% - 50% - 2:06
PK3 Forward
1 - 0% - 50%
2 - 0% - 50%
PK3 Defense
1 - 0% - 50%
2 - 0% - 50%
44 Forward
1 - 83% - 50% - 1:25
2 - 17% - 50% - 0:18
44 Defense
1 - 83% - 50% - 1:25
2 - 17% - 50% - 0:18
Last Minute Offensive - 0:00
Last Minute Defensive - 0:00
Total
Forward - 60:00
Defense - 60:00
|
Play-by-Play
1st period
0:01 of 1st period - Nick Suzuki wins face-off versus Kevin Fiala in neutral zone.
0:09 of 1st period - Off-side.
0:10 of 1st period - Lucas Raymond wins face-off versus Patrice Bergeron in neutral zone.
0:31 of 1st period - Snap shot by Patrice Bergeron.
0:31 of 1st period - Stopped by Ukko-Pekka Luukkonen with a rebound.
0:57 of 1st period - Snap shot by Lucas Raymond.
0:57 of 1st period - Shot Misses the Net.
1:03 of 1st period - Wrist shot by Alex DeBrincat.
1:03 of 1st period - Deflect By Lucas Raymond.
1:03 of 1st period - Shot Hit the Post.
1:03 of 1st period - Puck is out of play.
1:04 of 1st period - Bo Horvat wins face-off versus Matthew Beniers in Chicago Black Hawks zone.
1:40 of 1st period - Wrist shot by Shane Pinto.
1:40 of 1st period - Deflect By Frederick Gaudreau.
1:40 of 1st period - Stopped by Ukko-Pekka Luukkonen with a rebound.
2:30 of 1st period - Wrist shot by Matthew Beniers.
2:30 of 1st period - Stopped by Thatcher Demko with a rebound.
2:32 of 1st period - Slapshot by Dylan Samberg.
2:32 of 1st period - Deflect By Matthew Beniers.
2:32 of 1st period - Shot Misses the Net.
2:32 of 1st period - Puck is out of play.
2:33 of 1st period - Yegor Sharangovich wins face-off versus Bo Horvat in Chicago Black Hawks zone.
2:48 of 1st period - Snap shot by Andrew Cogliano.
2:48 of 1st period - Stopped by Thatcher Demko without a rebound.
2:49 of 1st period - Pius Suter wins face-off versus Frederick Gaudreau in Chicago Black Hawks zone.
2:56 of 1st period - Snap shot by Frederick Gaudreau.
2:56 of 1st period - Shot Misses the Net.
3:19 of 1st period - Dante Fabbro is hit by Caleb Jones.
4:03 of 1st period - Snap shot by Kevin Fiala.
4:03 of 1st period - Stopped by Ukko-Pekka Luukkonen without a rebound.
4:04 of 1st period - Bo Horvat wins face-off versus Yegor Sharangovich in Winnipeg Jets zone.
4:29 of 1st period - Klim Kostin is hit by Frederick Gaudreau and loses puck.
4:53 of 1st period - Snap shot by Alex DeBrincat.
4:53 of 1st period - Shot Misses the Net.
4:55 of 1st period - Slapshot by Nick Suzuki.
4:55 of 1st period - Deflect By Alex DeBrincat.
4:55 of 1st period - Stopped by Thatcher Demko without a rebound.
4:56 of 1st period - Bo Horvat wins face-off versus Yegor Sharangovich in Chicago Black Hawks zone.
5:22 of 1st period - Jaden Schwartz is hit by Kaapo Kakko and loses puck.
5:39 of 1st period - Snap shot by Bo Horvat.
5:39 of 1st period - Deflect By Alex DeBrincat.
5:39 of 1st period - Stopped by Ukko-Pekka Luukkonen without a rebound.
5:40 of 1st period - Morgan Frost wins face-off versus Nick Suzuki in Winnipeg Jets zone.
5:43 of 1st period - Wrist shot by Cal Clutterbuck.
5:43 of 1st period - Stopped by Ukko-Pekka Luukkonen without a rebound.
5:44 of 1st period - Morgan Frost wins face-off versus Yegor Sharangovich in Winnipeg Jets zone.
5:45 of 1st period - Snap shot by Michael Rasmussen.
5:45 of 1st period - Stopped by Ukko-Pekka Luukkonen without a rebound.
5:46 of 1st period - Morgan Frost wins face-off versus Yegor Sharangovich in Winnipeg Jets zone.
5:57 of 1st period - Wrist shot by Andrew Cogliano.
5:57 of 1st period - Shot Misses the Net.
5:59 of 1st period - Wrist shot by Joel Armia.
5:59 of 1st period - Shot Blocked by Caleb Jones.
6:59 of 1st period - Icing by Cole Perfetti.
7:00 of 1st period - Yegor Sharangovich wins face-off versus Frederick Gaudreau in Chicago Black Hawks zone.
7:26 of 1st period - Snap shot by Shane Pinto.
7:26 of 1st period - Stopped by Ukko-Pekka Luukkonen without a rebound.
7:27 of 1st period - Matthew Beniers wins face-off versus Patrice Bergeron in Winnipeg Jets zone.
7:34 of 1st period - Snap shot by Matthew Beniers.
7:34 of 1st period - Stopped by Thatcher Demko without a rebound.
7:35 of 1st period - Patrice Bergeron wins face-off versus Matthew Beniers in Chicago Black Hawks zone.
8:07 of 1st period - Icing by Nathan Beaulieu.
8:08 of 1st period - Morgan Frost wins face-off versus Nick Suzuki in Winnipeg Jets zone.
8:42 of 1st period - Snap shot by Bo Horvat.
8:42 of 1st period - Shot Misses the Net.
8:44 of 1st period - Slapshot by Devon Toews.
8:44 of 1st period - Stopped by Ukko-Pekka Luukkonen with a rebound.
8:46 of 1st period - Slapshot by Devon Toews.
8:46 of 1st period - Stopped by Ukko-Pekka Luukkonen without a rebound.
8:47 of 1st period - Patrice Bergeron wins face-off versus Yegor Sharangovich in Winnipeg Jets zone.
8:48 of 1st period - Slapshot by Kevin Fiala.
8:48 of 1st period - Stopped by Ukko-Pekka Luukkonen with a rebound.
9:16 of 1st period - Wrist shot by Morgan Frost.
9:16 of 1st period - Stopped by Ukko-Pekka Luukkonen with a rebound.
9:18 of 1st period - Wrist shot by Michael Rasmussen.
9:18 of 1st period - Deflect By Cal Clutterbuck.
9:18 of 1st period - Shot Misses the Net.
9:18 of 1st period - Puck is out of play.
9:19 of 1st period - Bo Horvat wins face-off versus Sam Steel in Winnipeg Jets zone.
9:24 of 1st period - Wrist shot by Bo Horvat.
9:24 of 1st period - Shot Blocked by Calen Addison.
9:28 of 1st period - Slapshot by Barrett Hayton.
9:28 of 1st period - Stopped by Ukko-Pekka Luukkonen without a rebound.
9:29 of 1st period - Bo Horvat wins face-off versus Matthew Beniers in Winnipeg Jets zone.
9:48 of 1st period - Snap shot by Bo Horvat.
9:48 of 1st period - Stopped by Ukko-Pekka Luukkonen without a rebound.
9:49 of 1st period - Nick Suzuki wins face-off versus Morgan Frost in Winnipeg Jets zone.
9:56 of 1st period - Wrist shot by Nick Suzuki.
9:56 of 1st period - Stopped by Thatcher Demko without a rebound.
9:57 of 1st period - Lucas Raymond wins face-off versus Cal Clutterbuck in Chicago Black Hawks zone.
10:08 of 1st period - Snap shot by Nick Suzuki.
10:08 of 1st period - Stopped by Thatcher Demko without a rebound.
10:09 of 1st period - Yegor Sharangovich wins face-off versus Kevin Fiala in Chicago Black Hawks zone.
10:12 of 1st period - Slapshot by Joel Armia.
10:12 of 1st period - Stopped by Thatcher Demko without a rebound.
10:13 of 1st period - Patrice Bergeron wins face-off versus Yegor Sharangovich in Chicago Black Hawks zone.
11:07 of 1st period - Snap shot by Lucas Raymond.
11:07 of 1st period - Stopped by Thatcher Demko with a rebound.
11:09 of 1st period - Wrist shot by Nick Suzuki.
11:09 of 1st period - Deflect By Alex DeBrincat.
11:09 of 1st period - Shot Blocked by Cal Clutterbuck.
11:09 of 1st period - Puck is out of play.
11:10 of 1st period - Patrice Bergeron wins face-off versus Pius Suter in Chicago Black Hawks zone.
11:15 of 1st period - Pius Suter is hit by Vincent Trocheck and loses puck.
11:26 of 1st period - Snap shot by Sam Steel.
11:26 of 1st period - Shot Blocked by Brent Burns.
11:44 of 1st period - Wrist shot by Lucas Raymond.
11:44 of 1st period - Shot Blocked by Brent Burns.
12:00 of 1st period - Bo Horvat is hit by Calen Addison and loses puck.
12:24 of 1st period - Michael Rasmussen is hit by Dante Fabbro and loses puck.
12:29 of 1st period - Snap shot by Andrew Cogliano.
12:29 of 1st period - Stopped by Thatcher Demko without a rebound.
12:30 of 1st period - Nick Suzuki wins face-off versus Bo Horvat in Chicago Black Hawks zone.
12:41 of 1st period - Snap shot by Nick Suzuki.
12:41 of 1st period - Shot Misses the Net.
12:43 of 1st period - Snap shot by Nick Suzuki.
12:43 of 1st period - Stopped by Thatcher Demko without a rebound.
12:44 of 1st period - Matthew Beniers wins face-off versus Cal Clutterbuck in Chicago Black Hawks zone.
12:55 of 1st period - Snap shot by Matthew Beniers.
12:55 of 1st period - Shot Blocked by Michael Rasmussen.
12:57 of 1st period - Wrist shot by Matthew Beniers.
12:57 of 1st period - Stopped by Thatcher Demko with a rebound.
13:09 of 1st period - Andrew Cogliano is hit by Frederick Gaudreau and loses puck.
13:34 of 1st period - Wrist shot by Nick Suzuki.
13:34 of 1st period - Shot Blocked by Barrett Hayton.
14:04 of 1st period - Slapshot by Patrice Bergeron.
14:04 of 1st period - Stopped by Ukko-Pekka Luukkonen without a rebound.
14:05 of 1st period - Morgan Frost wins face-off versus Matthew Beniers in Winnipeg Jets zone.
14:18 of 1st period - Wrist shot by Michael Rasmussen.
14:18 of 1st period - Shot Misses the Net.
14:20 of 1st period - Snap shot by Cal Clutterbuck.
14:20 of 1st period - Shot Misses the Net.
15:01 of 1st period - Snap shot by Klim Kostin.
15:01 of 1st period - Deflect By Bo Horvat.
15:01 of 1st period - Shot Misses the Net.
15:01 of 1st period - Puck is out of play.
15:02 of 1st period - Matthew Beniers wins face-off versus Frederick Gaudreau in Chicago Black Hawks zone.
15:13 of 1st period - Wrist shot by Cole Perfetti.
15:13 of 1st period - Stopped by Ukko-Pekka Luukkonen without a rebound.
15:14 of 1st period - Nick Suzuki wins face-off versus Michael Rasmussen in Winnipeg Jets zone.
15:35 of 1st period - Double Minor Penalty to Alex DeBrincat for Roughing.
15:36 of 1st period - Nick Suzuki wins face-off versus Bo Horvat in Winnipeg Jets zone.
15:49 of 1st period - Snap shot by Kevin Fiala.
15:49 of 1st period - Shot Misses the Net.
16:03 of 1st period - Barrett Hayton is hit by Dante Fabbro and loses puck.
16:29 of 1st period - Dylan Samberg is hit by Patrice Bergeron and loses puck.
16:46 of 1st period - Snap shot by Barrett Hayton.
16:46 of 1st period - Shot Misses the Net.
17:00 of 1st period - Snap shot by Patrice Bergeron.
17:00 of 1st period - Stopped by Ukko-Pekka Luukkonen with a rebound.
17:26 of 1st period - Slapshot by Kevin Fiala.
17:26 of 1st period - Shot Blocked by Dante Fabbro.
18:38 of 1st period - Wrist shot by Michael Rasmussen.
18:38 of 1st period - Shot Misses the Net.
18:48 of 1st period - Devon Toews is hit by Dante Fabbro and loses puck.
19:35 of 1st period - Penalty to Alex DeBrincat is over, Alex DeBrincat is back on ice.
19:44 of 1st period - Jaden Schwartz is hit by Matthew Beniers and loses puck.
Goals for this period are 0 for Winnipeg Jets vs 0 for Chicago Black Hawks.
Shots for this period are 11 for Winnipeg Jets vs 16 for Chicago Black Hawks.
2nd period
0:01 of 2nd period - Patrice Bergeron wins face-off versus Nick Suzuki in neutral zone.
0:04 of 2nd period - Lucas Raymond is hit by Kevin Fiala and loses puck.
0:28 of 2nd period - Snap shot by Joel Armia.
0:28 of 2nd period - Stopped by Thatcher Demko without a rebound.
0:29 of 2nd period - Yegor Sharangovich wins face-off versus Jaden Schwartz in Chicago Black Hawks zone.
0:34 of 2nd period - Snap shot by Joel Armia.
0:34 of 2nd period - Deflect By Yegor Sharangovich.
0:34 of 2nd period - Shot Misses the Net.
0:34 of 2nd period - Puck is out of play.
0:35 of 2nd period - Patrice Bergeron wins face-off versus Matthew Beniers in Chicago Black Hawks zone.
0:40 of 2nd period - Snap shot by Patrice Bergeron.
0:40 of 2nd period - Stopped by Ukko-Pekka Luukkonen with a rebound.
0:42 of 2nd period - Wrist shot by Vincent Trocheck.
0:42 of 2nd period - Shot Misses the Net.
0:44 of 2nd period - Slapshot by Travis Sanheim.
0:44 of 2nd period - Shot Blocked by Barclay Goodrow.
0:46 of 2nd period - Backhand shot by Travis Sanheim.
0:46 of 2nd period - Shot Misses the Net.
1:21 of 2nd period - Lucas Raymond is hit by Caleb Jones and loses puck.
1:53 of 2nd period - Nathan Beaulieu is hit by Caleb Jones and loses puck.
2:34 of 2nd period - Wrist shot by Michael Rasmussen.
2:34 of 2nd period - Goal by Michael Rasmussen - Winnipeg Jets : 0 - Chicago Black Hawks : 1.
2:35 of 2nd period - Bo Horvat wins face-off versus Yegor Sharangovich in neutral zone.
2:42 of 2nd period - Snap shot by Bo Horvat.
2:42 of 2nd period - Shot Misses the Net.
2:50 of 2nd period - Wrist shot by Joel Armia.
2:50 of 2nd period - Stopped by Thatcher Demko without a rebound.
2:51 of 2nd period - Matthew Beniers wins face-off versus Patrice Bergeron in Chicago Black Hawks zone.
3:20 of 2nd period - Backhand shot by Andrew Cogliano.
3:20 of 2nd period - Shot Misses the Net.
3:22 of 2nd period - Snap shot by Joel Armia.
3:22 of 2nd period - Stopped by Thatcher Demko without a rebound.
3:23 of 2nd period - Bo Horvat wins face-off versus Yegor Sharangovich in Chicago Black Hawks zone.
3:53 of 2nd period - Andrew Cogliano is hit by Barrett Hayton and loses puck.
4:08 of 2nd period - Andrew Cogliano is hit by Jaden Schwartz and loses puck.
4:17 of 2nd period - Slapshot by Barrett Hayton.
4:17 of 2nd period - Stopped by Ukko-Pekka Luukkonen with a rebound.
4:19 of 2nd period - Snap shot by Bo Horvat.
4:19 of 2nd period - Stopped by Ukko-Pekka Luukkonen with a rebound.
4:21 of 2nd period - Slapshot by Bo Horvat.
4:21 of 2nd period - Shot Misses the Net.
4:29 of 2nd period - Slapshot by Barrett Hayton.
4:29 of 2nd period - Shot Blocked by Calen Addison.
4:31 of 2nd period - Wrist shot by Bo Horvat.
4:31 of 2nd period - Stopped by Ukko-Pekka Luukkonen with a rebound.
4:33 of 2nd period - Wrist shot by Barrett Hayton.
4:33 of 2nd period - Stopped by Ukko-Pekka Luukkonen with a rebound.
4:35 of 2nd period - Slapshot by Morgan Rielly.
4:35 of 2nd period - Shot Blocked by Calen Addison.
4:37 of 2nd period - Snap shot by Morgan Rielly.
4:37 of 2nd period - Stopped by Ukko-Pekka Luukkonen with a rebound.
4:39 of 2nd period - Slapshot by Morgan Rielly.
4:39 of 2nd period - Shot Misses the Net.
4:41 of 2nd period - Snap shot by Bo Horvat.
4:41 of 2nd period - Stopped by Ukko-Pekka Luukkonen with a rebound.
4:43 of 2nd period - Wrist shot by Bo Horvat.
4:43 of 2nd period - Stopped by Ukko-Pekka Luukkonen without a rebound.
4:44 of 2nd period - Patrice Bergeron wins face-off versus Matthew Beniers in Winnipeg Jets zone.
5:46 of 2nd period - Kaapo Kakko is hit by Morgan Frost and loses puck.
5:56 of 2nd period - Off-side.
5:57 of 2nd period - Patrice Bergeron wins face-off versus Klim Kostin in neutral zone.
6:08 of 2nd period - Sam Steel is hit by Brent Burns and loses puck.
6:34 of 2nd period - Snap shot by Pius Suter.
6:34 of 2nd period - Stopped by Thatcher Demko without a rebound.
6:35 of 2nd period - Nick Suzuki wins face-off versus Patrice Bergeron in Chicago Black Hawks zone.
6:46 of 2nd period - Snap shot by Nick Suzuki.
6:46 of 2nd period - Stopped by Thatcher Demko without a rebound.
6:47 of 2nd period - Patrice Bergeron wins face-off versus Alex DeBrincat in Chicago Black Hawks zone.
7:21 of 2nd period - Icing by Brent Burns.
7:22 of 2nd period - Frederick Gaudreau wins face-off versus Pius Suter in Chicago Black Hawks zone.
7:41 of 2nd period - Pius Suter is hit by Shane Pinto and loses puck.
8:00 of 2nd period - Backhand shot by Frederick Gaudreau.
8:00 of 2nd period - Stopped by Ukko-Pekka Luukkonen without a rebound.
8:01 of 2nd period - Matthew Beniers wins face-off versus Kevin Fiala in Winnipeg Jets zone.
8:44 of 2nd period - Off-side.
8:45 of 2nd period - Morgan Frost wins face-off versus Lucas Raymond in neutral zone.
8:56 of 2nd period - Wrist shot by Alex DeBrincat.
8:56 of 2nd period - Shot Blocked by Morgan Rielly.
9:14 of 2nd period - Snap shot by Nick Suzuki.
9:14 of 2nd period - Stopped by Thatcher Demko with a rebound.
9:52 of 2nd period - Wrist shot by Michael Rasmussen.
9:52 of 2nd period - Stopped by Ukko-Pekka Luukkonen with a rebound.
10:06 of 2nd period - Snap shot by Michael Rasmussen.
10:06 of 2nd period - Stopped by Ukko-Pekka Luukkonen without a rebound.
10:07 of 2nd period - Matthew Beniers wins face-off versus Patrice Bergeron in Winnipeg Jets zone.
10:34 of 2nd period - Dante Fabbro is hit by Jaden Schwartz and loses puck.
11:17 of 2nd period - Vincent Trocheck is hit by Barclay Goodrow and loses puck.
11:24 of 2nd period - Snap shot by Matthew Beniers.
11:24 of 2nd period - Stopped by Thatcher Demko without a rebound.
11:25 of 2nd period - Bo Horvat wins face-off versus Yegor Sharangovich in Chicago Black Hawks zone.
11:33 of 2nd period - Icing by Joel Armia.
11:34 of 2nd period - Bo Horvat wins face-off versus Yegor Sharangovich in Winnipeg Jets zone.
11:35 of 2nd period - Snap shot by Barrett Hayton.
11:35 of 2nd period - Shot Misses the Net.
11:41 of 2nd period - Slapshot by Andrew Cogliano.
11:41 of 2nd period - Stopped by Thatcher Demko with a rebound.
11:43 of 2nd period - Slapshot by Calen Addison.
11:43 of 2nd period - Deflect By Yegor Sharangovich.
11:43 of 2nd period - Shot Blocked by Seth Jones.
11:43 of 2nd period - Puck is out of play.
11:44 of 2nd period - Patrice Bergeron wins face-off versus Matthew Beniers in Chicago Black Hawks zone.
12:09 of 2nd period - Joel Armia is hit by Barrett Hayton.
13:30 of 2nd period - Slapshot by Barrett Hayton.
13:30 of 2nd period - Stopped by Ukko-Pekka Luukkonen without a rebound.
13:31 of 2nd period - Patrice Bergeron wins face-off versus Matthew Beniers in Winnipeg Jets zone.
13:58 of 2nd period - Yegor Sharangovich is hit by Seth Jones and loses puck.
14:13 of 2nd period - Minor Penalty to Dante Fabbro for Roughing.
14:14 of 2nd period - Bo Horvat wins face-off versus Lucas Raymond in Winnipeg Jets zone.
14:21 of 2nd period - Slapshot by Bo Horvat.
14:21 of 2nd period - Stopped by Ukko-Pekka Luukkonen without a rebound.
14:22 of 2nd period - Bo Horvat wins face-off versus Lucas Raymond in Winnipeg Jets zone.
14:25 of 2nd period - Wrist shot by Vincent Trocheck.
14:25 of 2nd period - Deflect By Lucas Raymond.
14:25 of 2nd period - Shot Misses the Net.
14:25 of 2nd period - Puck is out of play.
14:26 of 2nd period - Patrice Bergeron wins face-off versus Lucas Raymond in Winnipeg Jets zone.
14:53 of 2nd period - Nathan Beaulieu is hit by Bo Horvat and loses puck.
16:13 of 2nd period - Penalty to Dante Fabbro is over, Dante Fabbro is back on ice.
16:46 of 2nd period - Shane Pinto is hit by Joel Armia.
17:35 of 2nd period - Slapshot by Andrew Cogliano.
17:35 of 2nd period - Deflect By Joel Armia.
17:35 of 2nd period - Shot Blocked by Travis Sanheim.
17:35 of 2nd period - Puck is out of play.
17:36 of 2nd period - Yegor Sharangovich wins face-off versus Frederick Gaudreau in Chicago Black Hawks zone.
18:00 of 2nd period - Minor Penalty to Morgan Frost for Holding.
18:01 of 2nd period - Patrice Bergeron wins face-off versus Nick Suzuki in Chicago Black Hawks zone.
18:05 of 2nd period - Brent Burns is hit by Lucas Raymond and loses puck.
18:56 of 2nd period - Patrice Bergeron is hit by Jordan Harris and loses puck.
0:00 of 3rd period - Penalty to Morgan Frost is over, Morgan Frost is back on ice.
Goals for this period are 0 for Winnipeg Jets vs 1 for Chicago Black Hawks.
Shots for this period are 8 for Winnipeg Jets vs 14 for Chicago Black Hawks.
3rd period
0:01 of 3rd period - Patrice Bergeron wins face-off versus Matthew Beniers in neutral zone.
0:04 of 3rd period - Barclay Goodrow is hit by Seth Jones and loses puck.
0:36 of 3rd period - Wrist shot by Bo Horvat.
0:36 of 3rd period - Stopped by Ukko-Pekka Luukkonen with a rebound.
0:38 of 3rd period - Slapshot by Seth Jones.
0:38 of 3rd period - Stopped by Ukko-Pekka Luukkonen without a rebound.
0:39 of 3rd period - Morgan Frost wins face-off versus Matthew Beniers in Winnipeg Jets zone.
0:50 of 3rd period - Snap shot by Morgan Frost.
0:50 of 3rd period - Shot Misses the Net.
0:52 of 3rd period - Slapshot by Michael Rasmussen.
0:52 of 3rd period - Goal by Michael Rasmussen - Winnipeg Jets : 0 - Chicago Black Hawks : 2.
0:53 of 3rd period - Matthew Beniers wins face-off versus Patrice Bergeron in neutral zone.
1:00 of 3rd period - Snap shot by Kaapo Kakko.
1:00 of 3rd period - Stopped by Thatcher Demko with a rebound.
1:09 of 3rd period - Icing by Patrice Bergeron.
1:10 of 3rd period - Nick Suzuki wins face-off versus Patrice Bergeron in Chicago Black Hawks zone.
1:11 of 3rd period - Snap shot by Alex DeBrincat.
1:11 of 3rd period - Stopped by Thatcher Demko with a rebound.
1:13 of 3rd period - Slapshot by Dylan Samberg.
1:13 of 3rd period - Shot Blocked by Kevin Fiala.
1:15 of 3rd period - Slapshot by Alex DeBrincat.
1:15 of 3rd period - Deflect By Nick Suzuki.
1:15 of 3rd period - Goal by Nick Suzuki - Winnipeg Jets : 1 - Chicago Black Hawks : 2.
1:16 of 3rd period - Kevin Fiala wins face-off versus Matthew Beniers in neutral zone.
1:31 of 3rd period - Snap shot by Matthew Beniers.
1:31 of 3rd period - Stopped by Thatcher Demko with a rebound.
1:43 of 3rd period - Snap shot by Lucas Raymond.
1:43 of 3rd period - Shot Misses the Net.
2:04 of 3rd period - Icing by Dante Fabbro.
2:05 of 3rd period - Morgan Frost wins face-off versus Pius Suter in Winnipeg Jets zone.
2:39 of 3rd period - Snap shot by Kevin Fiala.
2:39 of 3rd period - Stopped by Ukko-Pekka Luukkonen with a rebound.
2:41 of 3rd period - Wrist shot by Kevin Fiala.
2:41 of 3rd period - Stopped by Ukko-Pekka Luukkonen without a rebound.
2:42 of 3rd period - Bo Horvat wins face-off versus Yegor Sharangovich in Winnipeg Jets zone.
2:47 of 3rd period - Snap shot by Barrett Hayton.
2:47 of 3rd period - Goal by Barrett Hayton - Winnipeg Jets : 1 - Chicago Black Hawks : 3.
2:48 of 3rd period - Matthew Beniers wins face-off versus Patrice Bergeron in neutral zone.
2:48 of 3rd period - Kaapo Kakko is hit by Kevin Fiala.
2:50 of 3rd period - Slapshot by Matthew Beniers.
2:50 of 3rd period - Stopped by Thatcher Demko with a rebound.
2:52 of 3rd period - Slapshot by Barclay Goodrow.
2:52 of 3rd period - Stopped by Thatcher Demko with a rebound.
4:22 of 3rd period - Snap shot by Matthew Beniers.
4:22 of 3rd period - Deflect By Barclay Goodrow.
4:22 of 3rd period - Shot Misses the Net.
4:22 of 3rd period - Puck is out of play.
4:23 of 3rd period - Matthew Beniers wins face-off versus Patrice Bergeron in Chicago Black Hawks zone.
4:41 of 3rd period - Minor Penalty to Kevin Fiala for Slashing.
4:42 of 3rd period - Frederick Gaudreau wins face-off versus Matthew Beniers in Chicago Black Hawks zone.
4:57 of 3rd period - Minor Penalty to Nathan Beaulieu for Tripping.
4:58 of 3rd period - Vincent Trocheck wins face-off versus Nick Suzuki in Winnipeg Jets zone.
5:36 of 3rd period - Vincent Trocheck is hit by Dante Fabbro and loses puck.
6:18 of 3rd period - Snap shot by Alex DeBrincat.
6:18 of 3rd period - Shot Blocked by Morgan Frost.
6:20 of 3rd period - Snap shot by Nick Suzuki.
6:20 of 3rd period - Shot Misses the Net.
6:22 of 3rd period - Snap shot by Dante Fabbro.
6:22 of 3rd period - Stopped by Thatcher Demko without a rebound.
6:23 of 3rd period - Barrett Hayton wins face-off versus Lucas Raymond in Chicago Black Hawks zone.
6:34 of 3rd period - Snap shot by Lucas Raymond.
6:34 of 3rd period - Deflect By Matthew Beniers.
6:34 of 3rd period - Shot Blocked by Seth Jones.
6:34 of 3rd period - Puck is out of play.
6:35 of 3rd period - Barrett Hayton wins face-off versus Lucas Raymond in Chicago Black Hawks zone.
6:40 of 3rd period - Backhand shot by Devon Toews.
6:40 of 3rd period - Shot Blocked by Dylan Samberg.
6:41 of 3rd period - Penalty to Kevin Fiala is over, Kevin Fiala is back on ice.
6:42 of 3rd period - Slapshot by Devon Toews.
6:42 of 3rd period - Deflect By Barrett Hayton.
6:42 of 3rd period - Stopped by Ukko-Pekka Luukkonen with a rebound.
6:54 of 3rd period - Wrist shot by Barrett Hayton.
6:54 of 3rd period - Shot Misses the Net.
6:56 of 3rd period - Slapshot by Shane Pinto.
6:56 of 3rd period - Goal by Shane Pinto - Winnipeg Jets : 1 - Chicago Black Hawks : 4.
6:57 of 3rd period - Matthew Beniers wins face-off versus Bo Horvat in neutral zone.
7:38 of 3rd period - Jordan Harris is hit by Vincent Trocheck and loses puck.
8:21 of 3rd period - Slapshot by Brent Burns.
8:21 of 3rd period - Shot Blocked by Dante Fabbro.
8:31 of 3rd period - Caleb Jones is hit by Dante Fabbro and loses puck.
8:39 of 3rd period - Caleb Jones is hit by Nathan Beaulieu and loses puck.
8:52 of 3rd period - Backhand shot by Joel Armia.
8:52 of 3rd period - Stopped by Thatcher Demko with a rebound.
8:54 of 3rd period - Slapshot by Dante Fabbro.
8:54 of 3rd period - Shot Blocked by Caleb Jones.
8:56 of 3rd period - Snap shot by Nathan Beaulieu.
8:56 of 3rd period - Stopped by Thatcher Demko without a rebound.
8:57 of 3rd period - Patrice Bergeron wins face-off versus Yegor Sharangovich in Chicago Black Hawks zone.
9:12 of 3rd period - Wrist shot by Vincent Trocheck.
9:12 of 3rd period - Stopped by Ukko-Pekka Luukkonen without a rebound.
9:13 of 3rd period - Bo Horvat wins face-off versus Nick Suzuki in Winnipeg Jets zone.
9:18 of 3rd period - Slapshot by Barrett Hayton.
9:18 of 3rd period - Shot Misses the Net.
9:20 of 3rd period - Slapshot by Brent Burns.
9:20 of 3rd period - Stopped by Ukko-Pekka Luukkonen with a rebound.
9:28 of 3rd period - Backhand shot by Calen Addison.
9:28 of 3rd period - Stopped by Thatcher Demko without a rebound.
9:29 of 3rd period - Patrice Bergeron wins face-off versus Matthew Beniers in Chicago Black Hawks zone.
9:34 of 3rd period - Snap shot by Kaapo Kakko.
9:34 of 3rd period - Shot Misses the Net.
9:56 of 3rd period - Jaden Schwartz is hit by Alex DeBrincat and loses puck.
10:13 of 3rd period - Minor Penalty to Nathan Beaulieu for Hooking.
10:14 of 3rd period - Patrice Bergeron wins face-off versus Lucas Raymond in Winnipeg Jets zone.
11:41 of 3rd period - Ty Smith is hit by Kevin Fiala and loses puck.
12:13 of 3rd period - Penalty to Nathan Beaulieu is over, Nathan Beaulieu is back on ice.
12:17 of 3rd period - Brent Burns is hit by Nathan Beaulieu and loses puck.
12:24 of 3rd period - Snap shot by Joel Armia.
12:24 of 3rd period - Stopped by Thatcher Demko with a rebound.
12:26 of 3rd period - Wrist shot by Yegor Sharangovich.
12:26 of 3rd period - Stopped by Thatcher Demko with a rebound.
12:28 of 3rd period - Slapshot by Calen Addison.
12:28 of 3rd period - Stopped by Thatcher Demko without a rebound.
12:29 of 3rd period - Klim Kostin wins face-off versus Morgan Frost in Chicago Black Hawks zone.
12:34 of 3rd period - Wrist shot by Sam Steel.
12:34 of 3rd period - Shot Misses the Net.
12:59 of 3rd period - Shane Pinto is hit by Jordan Harris and loses puck.
13:08 of 3rd period - Slapshot by Yegor Sharangovich.
13:08 of 3rd period - Stopped by Thatcher Demko without a rebound.
13:09 of 3rd period - Cal Clutterbuck wins face-off versus Nick Suzuki in Chicago Black Hawks zone.
13:38 of 3rd period - Snap shot by Joel Armia.
13:38 of 3rd period - Deflect By Seth Jones.
13:38 of 3rd period - Shot Blocked by Brent Burns.
13:38 of 3rd period - Puck is out of play.
13:39 of 3rd period - Bo Horvat wins face-off versus Yegor Sharangovich in Chicago Black Hawks zone.
13:51 of 3rd period - Minor Penalty to Barrett Hayton for Holding.
13:52 of 3rd period - Nick Suzuki wins face-off versus Frederick Gaudreau in Chicago Black Hawks zone.
15:51 of 3rd period - Penalty to Barrett Hayton is over, Barrett Hayton is back on ice.
16:09 of 3rd period - Snap shot by Barrett Hayton.
16:09 of 3rd period - Shot Blocked by Joel Armia.
16:50 of 3rd period - Joel Armia is hit by Michael Rasmussen and loses puck.
17:08 of 3rd period - Andrew Cogliano is hit by Cole Perfetti and loses puck.
17:21 of 3rd period - Cole Perfetti is hit by Andrew Cogliano and loses puck.
17:40 of 3rd period - Snap shot by Shane Pinto.
17:40 of 3rd period - Shot Blocked by Nathan Beaulieu.
17:42 of 3rd period - Snap shot by Shane Pinto.
17:42 of 3rd period - Shot Misses the Net.
17:44 of 3rd period - Slapshot by Cole Perfetti.
17:44 of 3rd period - Deflect By Frederick Gaudreau.
17:44 of 3rd period - Shot Misses the Net.
17:44 of 3rd period - Puck is out of play.
17:45 of 3rd period - Matthew Beniers wins face-off versus Bo Horvat in Winnipeg Jets zone.
18:26 of 3rd period - Calen Addison is hit by Patrice Bergeron and loses puck.
18:37 of 3rd period - Devon Toews is hit by Ty Smith and loses puck.
18:58 of 3rd period - Snap shot by Barclay Goodrow.
18:58 of 3rd period - Deflect By Kaapo Kakko.
18:58 of 3rd period - Stopped by Thatcher Demko with a rebound.
19:17 of 3rd period - Alex DeBrincat is hit by Patrice Bergeron and loses puck.
19:46 of 3rd period - Barclay Goodrow is hit by Caleb Jones and loses puck.
19:53 of 3rd period - Slapshot by Morgan Rielly.
19:53 of 3rd period - Deflect By Morgan Frost.
19:53 of 3rd period - Stopped by Ukko-Pekka Luukkonen without a rebound.
19:54 of 3rd period - Nick Suzuki wins face-off versus Bo Horvat in Winnipeg Jets zone.
Goals for this period are 1 for Winnipeg Jets vs 3 for Chicago Black Hawks.
Shots for this period are 15 for Winnipeg Jets vs 11 for Chicago Black Hawks.
Back to the Top